 Dungeon Crawl Stone Soup version 0.27.1-34-g3ba077fa99 (webtiles) character file.

Game seed: 6639715289743907148

829 mcbry74 the Spear-Bearer (level 7, -4/50 HPs)
             Began as a Merfolk Gladiator on Jan 27, 2022.
             Was a Believer of Okawaru.
             Killed by divine providence
             ... invoked by an orc priest
              (13 damage)
             ... on level 5 of the Dungeon.
             The game lasted 00:11:22 (5189 turns).

mcbry74 the Spear-Bearer (Merfolk Gladiator)        Turns: 5189, Time: 00:11:22

Health: -4/50      AC:  4    Str: 15    XL:     7   Next: 97%
Magic:  7/7        EV: 13    Int:  9    God:    Okawaru [**....]
Gold:   178        SH:  0    Dex: 15    Spells: 6/6 levels left

rFire    . . .     SeeInvis .   v - +1 spear (venom)
rCold    . . .     Faith    .   (no shield)
rNeg     . . .     Spirit   .   b - +0 leather armour
rPois    .         Reflect  .   c - +0 helmet
rElec    .         Harm     .   (no cloak)
rCorr    .         Rampage  .   (no gloves)
Will     .....                  (no boots)
Stlth    +.........             (no amulet)
HPRegen  0.16/turn              (no ring)
MPRegen  0.10/turn              (no ring)

@: no status effects
A: (nimble swimmer 2), mertail
a: Renounce Religion, Heroism


You were on level 5 of the Dungeon.
You worshipped Okawaru.
Okawaru was pleased with you.
You visited 1 branch of the dungeon, and saw 5 of its levels.

You collected 178 gold pieces.

Inventory:

Hand Weapons
 a - a +0 trident
 u - a +0 halberd
 v - a +1 spear of venom (weapon)
Missiles
 d - 3 throwing nets
 m - 23 sling bullets
 n - 17 poisoned darts (quivered)
 t - 3 curare-tipped darts
 w - 3 datura-tipped darts
Armour
 b - a +0 leather armour (worn)
 c - a +0 helmet (worn)
 q - a +0 tower shield
Scrolls
 e - a scroll of identify {unknown}
 f - 2 scrolls of teleportation {unknown}
 h - 2 scrolls of summoning {unknown}
 i - a scroll of magic mapping {unknown}
 j - a scroll of enchant armour {unknown}
 k - a scroll of silence {unknown}
 o - a scroll of amnesia {unknown}
 x - a scroll of holy word {unknown}
Potions
 g - 3 potions of heal wounds {unknown}
 l - a potion of curing {unknown}
 p - a potion of mutation {unknown}
 r - 2 potions of invisibility {unknown}
 s - a potion of attraction {unknown}
 z - a potion of berserk rage {unknown}


   Skills:
 - Level 2.1 Fighting
 * Level 11.2 Polearms
 + Level 4.8 Throwing
 - Level 4.0 Dodging


You had 6 spell levels left.
You didn't know any spells.
Your spell library contained the following spells:

 Spells                   Type           Power      Damage    Failure   Level
 Animate Skeleton         Necr           0%         N/A       45%         1
 Pain                     Necr           0%         1d4       45%         1
 Sandblast                Erth           0%         2d4       45%         1
 Passwall                 Tmut/Erth      0%         N/A       58%         2
 Vampiric Draining        Necr           0%         2d6       83%         3
 Lee's Rapid Deconstruct  Erth           0%         3d5*      100%        5


Dungeon Overview and Level Annotations

Branches:
Dungeon (5/15)
 Temple: D:4-7

Altars:
Hepliaklqana
Nemelex Xobeh
Okawaru
Xom

Shops:
D:2 !


Innate Abilities, Weirdness & Mutations

((You are quick and stealthy near water. (Stealth+, EV+, Speed+++)))
Your lower body shifts to a powerful aquatic tail in water.


Message History

You bump into the rock wall.
The orc wizard gestures at you while chanting.
The puff of flame hits you.
You closely miss the orc wizard.
The orc wizard hits you with a +0 dagger.
The quokka twitches its whiskers.
You hit the orc wizard.
The orc wizard is poisoned.
The orc wizard is moderately wounded.
The orc wizard barely misses you.
You hit the orc wizard.
The orc wizard looks as sick as possible!
The orc wizard is heavily wounded.
You hit the orc wizard.
The orc wizard is severely wounded.
You feel less confused.
You kill the orc wizard!
Okawaru accepts your kill.
The orc priest calls down the wrath of Beogh upon you.
Beogh smites you!
* * * LOW HITPOINT WARNING * * *
Something barely misses you.
Things that are here:
a +0 dagger; a +0 robe; an orc corpse You hit something.
Something hits you.
* * * LOW HITPOINT WARNING * * *
You hit something but do no damage. You hit something.
Something hits you but does no damage.
You barely miss something. Something hits you but does no damage.
You closely miss something. You barely miss something.
The orc priest looks satisfied for a moment.
Something hits you.
* * * LOW HITPOINT WARNING * * *
You hit something but do no damage. You barely miss something.
Something hits you but does no damage.
You miss something. You hit something.
The orc priest calls down the wrath of Beogh upon you.
Beogh smites you!
You die...

### #.# #.# #.#####
#.o...# #.###.#
##########.###.#
#......@{ro..#o#
####....#########.#
#.......# .o#
#######.......#
#...
#....##.......#.##
#.r.
'....'.............
#....
#....##.......#.###
#....
#######.......#.#
#..... #.......# #


You could see an orc priest and a quokka.

Vanquished Creatures
  A black bear (D:3)
  An orc warrior (D:5)
  An ogre (D:3)
  6 killer bees (D:4)
  A hound (D:4)
  A jelly (D:4)
  A centaur skeleton (D:4)
  An iguana (D:4)
  An orc wizard (D:5)
  4 gnolls (D:4)
  4 adders
  An ufetubus (D:5)
  2 worms (D:2)
  3 dart slugs
  2 orcs (D:4)
  5 ball pythons
  2 endoplasms (D:1)
  4 giant cockroaches
  9 goblins
  5 hobgoblins
  2 jackals (D:1)
  4 quokkas
  5 bats
  4 frilled lizards
  6 kobolds
  A spectral goblin (D:3)
77 creatures vanquished.

Notes
Turn   | Place    | Note
-------+----------+-------------------------------------------
     0 | D:1      | mcbry74 the Merfolk Gladiator began the quest for the Orb.
     0 | D:1      | Reached XP level 1. HP: 16/16 MP: 1/1
    93 | D:1      | Reached skill level 5 in Polearms
   108 | D:1      | Reached XP level 2. HP: 22/22 MP: 2/2
   575 | D:1      | Reached skill level 6 in Polearms
   575 | D:1      | Reached XP level 3. HP: 27/27 MP: 3/3
  1552 | D:2      | Found Giklouts's Distillery.
  1719 | D:2      | Reached XP level 4. HP: 33/33 MP: 4/4
  2094 | D:3      | Reached skill level 7 in Polearms
  2271 | D:3      | Found an iron altar of Okawaru.
  2279 | D:3      | Became a worshipper of Warmaster Okawaru
  2396 | D:3      | Found a sparkling altar of Nemelex Xobeh.
  2669 | D:3      | Found a shimmering altar of Xom.
  2844 | D:3      | Found a faded altar of an unknown god.
  3014 | D:4      | Noticed a black bear
  3293 | D:3      | Killed a black bear
  3294 | D:3      | Reached skill level 8 in Polearms
  3294 | D:3      | Reached XP level 5. HP: 32/38 MP: 5/5
  3400 | D:4      | Noticed an ogre
  3427 | D:3      | Killed an ogre
  3427 | D:3      | Reached * piety under Okawaru
  3428 | D:3      | Reached skill level 9 in Polearms
  3428 | D:3      | Reached XP level 6. HP: 44/44 MP: 6/6
  4426 | D:4      | Reached XP level 7. HP: 37/50 MP: 7/7
  4617 | D:4      | Reached skill level 10 in Polearms
  4622 | D:4      | Reached ** piety under Okawaru
  4914 | D:5      | Entered Level 5 of the Dungeon
  5018 | D:5      | Found a hazy altar of Hepliaklqana.
  5170 | D:5      | Reached skill level 11 in Polearms
  5189 | D:5      | Killed from afar by an orc priest

Illustrated notes

Levels and vault maps discovered:
D:1:      minmay_arrival_wavy_path, layout_loops_ring
D:2:      layout_loops_corners, serial_shops, shop
D:3:      layout_loops_corners, xom_butterflies,
          mainiacjoe_overflow_surrounded_room,
          nemelex_xobeh_ov_fountains_minmay,
          dreamdust_ecumenical_altar_drowned_temple
D:4:      layout_cave_pods
D:5:      layout_basic, makhleb_altar_promises_db, pf_just_have_faith,
          minmay_temple_entry_sparse_star

Skill      XL: |  1  2  3  4  5  6  7 |
---------------+----------------------+-----
Polearms       | 5 6 8 9 11 | 11.2
Throwing       | 3 4 |  4.8
Fighting       | |  2.1
Dodging        | |  4.0

Action                   |  1- 3 |  4- 6 |  7- 9 || total
-------------------------+-------+-------+-------++-------
Melee: Trident           |   125 |    55 |       ||   180
       Tailslap          |       |     1 |       ||     1
       Spear             |       |    40 |    45 ||    85
Throw: Dart              |       |    24 |     2 ||    26
 Stab: Sleeping          |     1 |     1 |       ||     2
Armor: Leather armour    |    13 |    27 |    11 ||    51
Dodge: Dodged            |    45 |    50 |    26 ||   121
